 Dungeon Crawl Stone Soup version 0.19.5 (webtiles) character file.

472 empire the Conjurer (level 6, 0/41 HPs)
             Began as a Mummy Conjurer on Mar 9, 2017.
             Was an Initiate of Gozag.
             Shot with an arrow by a centaur (5 damage)
             ... on level 5 of the Dungeon.
             The game lasted 00:13:01 (4552 turns).

empire the Conjurer (Mummy Conjurer)                Turns: 4552, Time: 00:13:02

Health: 0/41       AC:  4    Str: 12    XL:     6   Next: 83%
Magic:  8/10       EV: 12    Int: 16    God:    Gozag
Gold:   734        SH:  0    Dex: 12    Spells: 4 memorised, 0 levels left

rFire  x . .     SeeInvis .     b - +1 war axe (chop)
rCold  + . .     Gourm    .     j - +1 robe
rNeg   + + +     Faith    .     (no shield)
rPois  ∞         Spirit   .     (no helmet)
rElec  .         Reflect  .     (no cloak)
rCorr  .         Harm     .     d - +0 pair of gloves
MR     .....                    (no boots)
Stlth  ++........               k - amulet of regeneration
                                (no ring)
                                c - ring of flight

@: no status effects
A: no food or potions, fire vulnerability, cold resistance 1, negative energy
resistance 3, torment resistance, unbreathing
a: Potion Petition, Call Merchant, Bribe Branch, Renounce Religion, Evoke Flight


You were on level 5 of the Dungeon.
You worshipped Gozag.
Gozag was pleased with you.
You were not hungry.

You visited 1 branch of the dungeon, and saw 5 of its levels.

You collected 767 gold pieces.
You paid 33 gold pieces to Gozag.

Inventory:

Hand Weapons
 a - a +0 dagger
 b - a +1 war axe of chopping (weapon)
Missiles
 i - 5 exploding tomahawks (quivered)
 q - 2 arrows
Armour
 d - a +0 pair of gloves (worn)
 j - a +1 robe (worn)
 n - a cursed +0 ring mail
 o - a +0 plate armour
Jewellery
 c - a ring of flight (left hand)
 k - an amulet of regeneration (around neck)
Scrolls
 e - 2 scrolls of identify
 f - 3 scrolls of immolation
 g - a scroll of teleportation
 h - 5 scrolls of remove curse
 m - a scroll of enchant weapon {unknown}
Books
 l - a book of Conjurations

   Spells                             Type                      Level
   a - Magic Dart                     Conjuration                  1
   b - Searing Ray                    Conjuration                  2
   c - Dazzling Spray                 Conjuration/Hexes            3
   d - Fulminant Prism                Conjuration/Hexes            4
   e - Iskenderun's Mystic Blast      Conjuration                  4
   f - Iskenderun's Battlesphere      Conjuration/Charms           5
 p - a book of Misfortune

   Spells                             Type                      Level
   a - Confusing Touch                Hexes                        1
   b - Confuse                        Hexes                        3
   c - Gell's Gravitas                Hexes/Translocation          3
   d - Petrify                        Transmutation/Earth          4
   e - Metabolic Englaciation         Hexes/Ice                    5
   f - Yara's Violent Unravelling     Hexes/Transmutation          5


   Skills:
 - Level 1.5 Dodging
 - Level 1.5 Stealth
 - Level 3.0 Spellcasting
 + Level 5.7 Conjurations
 + Level 3.1 Hexes


You couldn't memorise any spells.
You knew the following spells:

 Your Spells              Type           Power        Failure   Level  Hunger
a - Magic Dart            Conj           ###.         1%          1    N/A
b - Dazzling Spray        Conj/Hex       ###...       12%         3    N/A
c - Iskenderun's Mystic   Conj           ###.....     17%         4    N/A
d - Confuse               Hex            ##......     17%         3    N/A

Dungeon Overview and Level Annotations

Branches:
Dungeon (5/15)
 Temple: D:4-7

Altars:
Gozag
Okawaru
Trog

Annotations:
D:3 1 runed door
D:4 Pikel


Innate Abilities, Weirdness & Mutations

You do not eat or drink.
Your flesh is vulnerable to fire.
You are immune to poison.
Your flesh is cold resistant. (rC+)
You are immune to negative energy. (rN+++)
You are immune to unholy pain and torment.
You can survive without breathing.


Message History

Casting: Magic Dart
Confirm with . or Enter, or press ? or * to list all spells.
Aiming: Magic Dart
Press: ? - help, Shift-Dir - straight line, f - centaur
Aim: a centaur, wielding a shortbow The magic dart hits the centaur.
The centaur is lightly wounded.
The centaur shoots an arrow.
The arrow hits you!
* * * LOW HITPOINT WARNING * * *
Casting: Magic Dart
Confirm with . or Enter, or press ? or * to list all spells.
Aiming: Magic Dart
Press: ? - help, Shift-Dir - straight line, f/p - centaur
Aim: a centaur, wielding a shortbow (lightly wounded)
The magic dart hits the centaur.
The centaur is lightly wounded.
The centaur shoots an arrow.
The arrow barely misses you.
The centaur shoots an arrow.
The arrow hits you.
You die...
Your body crumbles into a pile of gold.

#..........#
##########..........#
.......%...........##
####...###.........##
#....####..........!#
#.#### #...........#
#.# #............# ..#
#............# .#
###.........@...# .#
#....#......(..%## >#
..####..........#
###.# #..........(.#
.#..###......$.......#
........#............#
...######............#
....$# ..^######...c#
........#.# ....#


You could see a centaur.

Vanquished Creatures
  A slave (D:4)
  A phantom (D:4)
  A bullfrog zombie (D:5)
  3 orc wizards
  2 orc priests (D:5)
  An iguana (D:5)
  A worker ant (D:4)
  A gnoll (D:4)
  2 adders
  An ooze (D:1)
  3 worms
  A dart slug (D:1)
  A leopard gecko (D:2)
  22 orcs
  2 ball pythons
  6 bats
  3 giant cockroaches
  9 goblins
  6 hobgoblins
  3 jackals (D:2)
  9 kobolds
  4 frilled lizards
  A jackal skeleton (D:4)
  A quokka skeleton (D:4)
  A quokka zombie (D:5)
  9 rats
  4 fungi (D:3)
99 creatures vanquished.

Notes
Turn   | Place    | Note
-------+----------+-------------------------------------------
     0 | D:1      | empire the Mummy Conjurer began the quest for the Orb.
     0 | D:1      | Reached XP level 1. HP: 13/13 MP: 3/3
   209 | D:1      | Reached XP level 2. HP: 19/19 MP: 2/5
  1242 | D:2      | Found an opulent altar of Gozag.
  1251 | D:2      | Became a worshipper of Gozag Ym Sagoz the Greedy
  1267 | D:2      | Reached XP level 3. HP: 15/24 MP: 0/7
  2164 | D:4      | Reached skill level 4 in Conjurations
  2164 | D:4      | Reached XP level 4. HP: 9/30 MP: 0/8
  2580 | D:3      | Reached skill level 5 in Conjurations
  2580 | D:3      | Reached XP level 5. HP: 14/35 MP: 3/9
  2630 | D:3      | Learned a level 3 spell: Dazzling Spray
  2635 | D:3      | Learned a level 4 spell: Iskenderun's Mystic Blast
  3110 | D:3      | Reached skill level 1 in Hexes
  3255 | D:3      | Found a runed door.
  3345 | D:4      | Found a bloodstained altar of Trog.
  3371 | D:4      | Found an iron altar of Okawaru.
  3805 | D:4      | Noticed a slave
  3805 | D:4      | Noticed a slave
  3806 | D:4      | Noticed Pikel
  3806 | D:4      | Noticed a slave
  3806 | D:4      | Noticed a slave
  3813 | D:4      | Noticed a phantom
  3901 | D:4      | Killed a phantom
  3901 | D:4      | Reached XP level 6. HP: 35/41 MP: 0/10
  3935 | D:4      | Killed a slave
  4013 | D:5      | Entered Level 5 of the Dungeon
  4532 | D:5      | Learned a level 3 spell: Confuse
  4552 | D:5      | Shot with an arrow by a centaur

Skill      XL: |  1  2  3  4  5  6 |
---------------+-------------------+-----
Spellcasting   | 3 |  3.0
Conjurations   | 4 5 |  5.7
Hexes          | 2 3 |  3.1
Dodging        | |  1.5
Stealth        | |  1.5

Action                   |  1- 3 |  4- 6 || total
-------------------------+-------+-------++-------
Melee: Unarmed           |    28 |       ||    28
       Dagger            |    64 |       ||    64
       War axe           |       |   138 ||   138
Throw: Tomahawk          |       |     3 ||     3
 Cast: Magic Dart        |    79 |    95 ||   174
       Dazzling Spray    |       |     9 ||     9
Invok: Potion Petition   |     1 |       ||     1
  Use: Scroll            |     3 |     6 ||     9
 Stab: Sleeping          |     1 |     1 ||     2
       Distracted        |       |     1 ||     1
       Invisible         |       |     1 ||     1
Armor: Robe              |    19 |    53 ||    72
Dodge: Dodged            |    95 |   138 ||   233
